 Dungeon Crawl Stone Soup version 0.29-a0-1047-g7c58e119a4 (webtiles) character file.

Game seed: 3533762683121373333

118532 siradein the Geomancer (level 16, -20/139 HPs)
             Began as a Pale Draconian Earth Elementalist on Aug 17, 2022.
             Was a High Priest of Vehumet.
             Demolished by a snapping turtle (23 damage)
             ... on level 1 of the Shoals.
             The game lasted 02:28:58 (28577 turns).

siradein the Geomancer (DrEE)                      Turns: 28577, Time: 02:28:59

Health: -20/139    AC: 11    Str: 11    XL:     16   Next: 25%
Magic:  3/31       EV: 24    Int: 23    God:    Vehumet [*****.]
Gold:   2766       SH:  7    Dex: 12    Spells: 6/37 levels left

rFire   . . .      SeeInvis .   Y - +6 eveningstar (freeze)
rCold   . . .      Faith    .   D - +1 buckler {reflect}
rNeg    . . .      Spirit   .   (body armour unavailable)
rPois   .          Reflect  +   (helmet restricted)
rElec   .          Harm     .   j - scarf {repulsion}
rCorr   .          Rampage  .   s - +0 pair of gloves
Will    +....                   k - +0 pair of boots
Stlth   ++........              m - amulet of magic regeneration
HPRegen 0.33/turn               F - ring of flight
MPRegen 0.62/turn               W - ring of the Hare {EV+8}

@: lethally poisoned (-20 -> -70), short of breath, marked, flying, repel
missiles
A: breathe steam, AC +9, unfitting armour, cold-blooded, steam resistance
a: Breathe Steam, Renounce Religion


You were on level 1 of the Shoals.
You worshipped Vehumet.
Vehumet was extremely pleased with you.
You visited 5 branches of the dungeon, and saw 24 of its levels.
You also visited: Ossuary, Gauntlet, Ice Cave and Volcano.

You collected 3279 gold pieces.
You spent 513 gold pieces at shops.

Inventory:

Hand Weapons
 S - a +1 eveningstar of flaming
 Y - a +6 eveningstar of freezing (weapon)
Missiles
 G - 2 throwing nets
Armour
 j - a scarf of repulsion (worn)
 k - a +0 pair of boots (worn)
 s - a +0 pair of gloves (worn)
 D - a +1 buckler of reflection (worn)
Magical Staves
 T - a staff of conjuration
Jewellery
 e - a ring of magical power
 m - an amulet of magic regeneration (around neck)
 q - the ring of Vodka {rF+ Stlth+}
   (You acquired it on level 1 of the Lair of Beasts)

   [ring of protection from fire]

   rF:        It protects you from fire.
   Stlth:     It makes you more stealthy.
 w - a +4 ring of protection
 F - a ring of flight (left hand)
 J - the ring of Nytuserep {rF+ rCorr Str+5}
   (You found it in an ice cave)

   [ring of resist corrosion]

   Str:       It affects your strength (+5).
   rF:        It protects you from fire.
   rCorr:     It protects you from acid and corrosion.
 M - a ring of poison resistance
 N - a ring of wizardry
 U - the ring "Yschaishro" {rF+ MP+9 Dex+5}
   (You found it in a Gauntlet)

   [ring of protection from fire]

   Dex:       It affects your dexterity (+5).
   rF:        It protects you from fire.
   MP:        It affects your magic capacity (+9).
 W - the ring of the Hare (right hand) {EV+8}
   (You found it in a Gauntlet)

   [ring of evasion]

   EV:        It affects your evasion (+8).
 X - the amulet "Ofekk" {Spirit Harm Rampage MP-9 Str-2}
   (You found it in a Gauntlet)

   [amulet of guardian spirit]

   It causes incoming damage to be divided between your reserves of health and
   magic.
   Str:       It affects your strength (-2).
   MP:        It affects your magic capacity (-9).
   Harm:      It increases damage dealt and taken.
   Rampage:   It bestows one free step when moving towards enemies.
Wands
 h - a wand of flame (72)
 y - a wand of roots (19)
 H - a wand of polymorph (18)
 K - a wand of charming (15)
 O - a wand of acid (11)
 Q - a wand of digging (6)
 Z - a wand of mindburst (14)
Scrolls
 d - 5 scrolls of blinking
 f - 8 scrolls of fog
 i - a scroll of magic mapping
 l - 2 scrolls of enchant weapon
 o - 11 scrolls of teleportation
 r - a scroll of poison {unknown}
 u - 4 scrolls of enchant armour {unknown}
 v - 2 scrolls of immolation
 L - 5 scrolls of fear
 P - 4 scrolls of amnesia
 V - a scroll of summoning
Potions
 a - 8 potions of magic
 b - 2 potions of flight
 c - 11 potions of curing
 g - 9 potions of might
 n - 3 potions of haste
 p - 5 potions of invisibility
 t - 3 potions of cancellation
 x - a potion of berserk rage
 z - a potion of ambrosia
 A - 3 potions of resistance
 B - 4 potions of mutation
 C - 4 potions of brilliance
 E - 3 potions of lignification
 I - 7 potions of heal wounds
Miscellaneous
 R - a phial of floods


   Skills:
 + Level 12.0 Fighting
 + Level 10.3 Dodging
 - Level 1.7 Stealth
 - Level 9.0 Shields
 + Level 11.2 Spellcasting
 + Level 11.8 Conjurations
 - Level 10.0 Necromancy
 + Level 5.0 Transmutations
 + Level 12.4 Earth Magic
 + Level 4.8 Poison Magic
 + Level 5.6 Evocations


You had 6 spell levels left.
You knew the following spells:

 Your Spells              Type           Power      Damage    Failure   Level
a - Iskenderun's Battles  Conj           61%        2d11      1%          5
b - Iron Shot             Conj/Erth      31%        9d6       1%          6
c - Borgnjor's Vile Clut  Necr/Erth      29%        N/A       1%          5
d - Fireball              Conj/Fire      20%        3d10      4%          5
e - Eringya's Noxious Bo  Tmut/Pois      17%        N/A       30%         6
f - Stone Arrow           Conj/Erth      100%       3d13      1%          3
g - Sandblast             Erth           100%       2d20      1%          1

Your spell library contained the following spells:

 Spells                   Type           Power      Damage    Failure   Level
 Beastly Appendage        Tmut           72%        N/A       1%          1
 Foxfire                  Conj/Fire      100%       2x1d9     1%          1
 Magic Dart               Conj           100%       1d8       1%          1
 Sting                    Tmut/Pois      100%       1d8       1%          1
 Passwall                 Tmut/Erth      43%        N/A       1%          2
 Searing Ray              Conj           100%       2d8       1%          2
 Wereblood                Tmut           36%        N/A       1%          2
 Fulminant Prism          Conj/Hex       20%        3d13      1%          4
 Petrify                  Tmut/Erth      52%        N/A       1%          4
 Spider Form              Tmut/Pois      35%        N/A       2%          3
 Ensorcelled Hibernation  Hex/Ice        24%        N/A       10%         2
 Swiftness                Air            12%        N/A       19%         3
 Alistair's Intoxication  Tmut/Pois      23%        N/A       22%         5
 Blade Hands              Tmut           18%        N/A       22%         5
 Passage of Golubria      Tloc           12%        N/A       52%         4
 Silence                  Hex/Air        6%         N/A       86%         5
 Lehudib's Crystal Spear  Conj/Erth      31%        10d8      54%         8


Dungeon Overview and Level Annotations

Branches:
Dungeon (15/15)            Temple (0/1) D:7            Lair (5/5) D:8
 Shoals (1/4) Lair:3       Spider (1/4) Lair:3        Slime (0/5) Lair:4
    Orc (2/2) D:11            Elf (0/3) Orc:2        Vaults (0/5) D:13
 Depths (0/4) D:15        Ossuary (visited)           IceCv (visited)
Volcano (visited)         Gauntlet (visited)

Altars:
Cheibriados
Elyvilon
Fedhas
Gozag
Nemelex Xobeh
Vehumet
Wu Jian
Jiyva

Shops:
D:3 (   D:4 ?   D:5 [   D:6 !   D:9 ?![=   D:11 (   Orc:1 (   Orc:2 =[**(

Portals:
Trove: D:13 (give horn of Geryon)


Innate Abilities, Weirdness & Mutations

You can breathe blasts of scalding, opaque steam.
Your pale cyan-grey scales are hard. (AC +9)
You cannot fit into any form of body armour.
You are cold-blooded and may be slowed by cold attacks.
You are immune to the effects of steam.


Message History

The sea snake completely misses you. The merfolk completely misses you.
The harpy closely misses you. x2; The sea snake bites you.
You are lethally poisoned!
The sea snake poisons you!
You are too injured to fight recklessly!
Unknown command.
You are too injured to fight recklessly!
Unknown command.
Aiming: Breathe Steam (1% risk of failure)
Press: ? - help, Shift-Dir - straight line, f/p - sea snake
Aim: a sea snake (water, severely wounded, 57% to hit)
You exhale a blast of scalding steam.
The ball of steam hits the sea snake!
The sea snake is almost dead.
* * * LOW HITPOINT WARNING * * *
You feel extremely sick.
The harpy screeches!
The harpy barely misses you. The harpy claws you but does no damage.
A merfolk comes into view. It is wielding a +0 trident.
The merfolk completely misses you.
A wind drake comes into view.
The sea snake is engulfed in a cloud of scalding steam.
The sea snake bites you but does no damage.
Unknown command.
Your +6 eveningstar of freezing glows with a cold blue light!
Y - a +6 eveningstar of freezing (weapon)
* * * LOW HITPOINT WARNING * * *
You feel extremely sick.
The snapping turtle is engulfed in a cloud of scalding steam.
The harpy claws you.
* * * LOW HITPOINT WARNING * * *
You block the harpy's attack.
You closely miss the sea snake.
The sea snake is almost dead.
* * * LOW HITPOINT WARNING * * *
You feel extremely sick. The harpy misses you. x2
The sea snake is engulfed in a cloud of scalding steam.
You block the sea snake's attack. The merfolk misses you.
The snapping turtle bites you from afar!!
You die...

≈≈≈≈≈~~~...~~≈≈≈≈
≈≈≈≈≈≈≈≈≈≈≈≈~~..##.~~~~~
≈≈≈≈≈≈≈≈≈≈≈≈≈~.###~~~~~~
≈≈≈≈≈≈≈≈≈≈≈≈≈~~~~~~~~~~~
≈≈≈≈≈≈≈≈≈≈≈≈≈≈≈~~~~~~~~~
≈≈≈≈≈≈≈≈≈≈≈≈≈≈≈~~~..~~~~
≈≈≈≈≈≈≈≈≈≈≈≈≈≈k~~.......
≈≈≈≈≈≈≈≈≈§§§~~~~~~~..##.
≈≈≈≈≈≈≈@St~~~c~~~~~.##
≈≈≈≈≈≈≈H≈~§§~~~~~~~.###.
≈≈≈≈≈≈≈≈≈m~........~....
≈≈≈≈≈≈≈≈≈~~~.......~~~~~
≈≈≈≈≈≈≈≈≈~~~.m..##..~~~~
≈≈≈≈≈≈≈≈≈~~~........~~~~
≈≈≈≈≈≈≈≈≈~~........~~~~~
≈≈≈≈≈≈≈≈~~~...##...>~≈≈≈
≈≈≈≈≈≈~~~(..###....~≈≈≈


You could see a sea snake, a snapping turtle, 2 merfolk and a harpy.

Vanquished Creatures
  A kraken (Shoals:1)
  Agnes (D:14)
  An orc warlord (Orc:2)
  An emperor scorpion (Spider:1)
  An ironbound preserver (D:13)
  2 entropy weavers (Spider:1)
  A minotaur (Gauntlet)
  A red draconian (Volcano)
  2 blizzard demons (IceCv)
  An ogre mage (Volcano)
  3 boulder beetles
  A ghost crab (Gauntlet)
  6 hydras
  A jorogumo (Spider:1)
  3 catoblepae
  4 centaur warriors
  11 two-headed ogres
  4 tengu warriors
  3 orc high priests (Orc:2)
  12 death yaks
  Nergalle (Lair:3)
  7 skeletal warriors (D:15)
  A steelbarb worm (Spider:1)
  A phantasmal warrior (D:15)
  11 spriggan simulacra
  An orb spider (Spider:1)
  An obsidian statue (IceCv)
  A bog body (IceCv)
  4 harpies (Shoals:1)
  A stone giant zombie (D:15)
  A lindwurm (Lair:5)
  3 deep elf pyromancers
  A necromancer (D:15)
  5 manticores
  7 orc sorcerers
  10 ugly things
  5 orc knights
  2 cyclopes (D:13)
  11 elephants
  9 black mambas
  Maurice (D:8)
  A moth of wrath (Spider:1)
  2 torpor snails (Spider:1)
  A smoke demon (Gauntlet)
  12 cane toads
  Maggie (D:9)
  2 gargoyles
  A kobold demonologist (D:11)
  5 anaconda simulacra (IceCv)
  5 komodo dragons
  An efreet (D:14)
  A spriggan skeleton (D:15)
  A demonic crawler (Spider:1)
  4 rime drakes
  3 freezing wraiths (IceCv)
  A golden dragon simulacrum (IceCv)
  8 ice devils (IceCv)
  A queen bee (shapeshifter) (D:15)
  A meliai (shapeshifter) (D:14)
  A red devil (Gauntlet)
  2 trolls (D:12)
  A tarantella (Spider:1)
  A polar bear (Lair:3)
  3 meliai (D:14)
  28 blink frogs
  The ghost of Zeldest the Caller, an amateur GnSu (D:5)
  15 slime creatures
  3 hornets
  2 dream sheep (Lair:5)
  An ettin zombie (D:15)
  A snapping turtle (Shoals:1)
  4 jumping spiders
  4 culicivoras (Lair:3)
  2 water elementals
  2 wyverns
  22 yaks
  5 dire elephant simulacra
  3 basilisks
  Menkaure (D:7)
  11 redbacks
  7 vampire mosquitoes (D:13)
  10 minotaur simulacra
  A harpy simulacrum (IceCv)
  A warg (Orc:1)
  A glowing shapeshifter zombie (D:15)
  16 water moccasins
  An acid dragon (D:11)
  22 orc warriors
  2 ettin simulacra (IceCv)
  2 alligator simulacra
  2 sky beasts
  4 black bears
  6 centaurs
  5 wolves
  9 ogres
  2 phantoms
  16 bullfrogs
  A necrophage (D:6)
  A gnoll sergeant (D:8)
  9 scorpions
  10 deep troll simulacra
  19 wights
  A howler monkey (D:9)
  4 electric eels
  4 crimson imps (Gauntlet)
  3 centaur zombies (Ossuary)
  A jelly (D:6)
  5 hounds
  2 human zombies (Ossuary)
  A gnoll bouda (D:8)
  21 orc priests
  Crazy Yiuf (D:2)
  4 iguanas
  Ijyb (D:5)
  32 orc wizards
  4 scorpion zombies (Ossuary)
  A hell rat (Lair:5)
  3 mummies (Ossuary)
  13 gnolls
  5 adders
  An ufetubus (D:4)
  4 worms
  8 dart slugs
  93 orcs
  4 ball pythons
  6 bats
  4 endoplasms
  3 giant cockroaches
  9 goblins
  10 hobgoblins
  9 kobolds
  5 quokkas
  4 frilled lizards
  3 gnoll zombies (Ossuary)
  2 goblin zombies (Ossuary)
  2 hobgoblin zombies (Ossuary)
  3 kobold zombies (Ossuary)
  An orc zombie (Ossuary)
  5 rats
  A butterfly (Lair:5)
  2 tentacles (Shoals:1)
740 creatures vanquished.

Vanquished Creatures (others)
  4 bushes (D:14)
  8 fungi
  20 plants
  6 tentacles (Shoals:1)
  31 withered plants
69 creatures vanquished.

Grand Total: 809 creatures vanquished

Notes
Turn   | Place    | Note
-------+----------+-------------------------------------------
     0 | D:1      | siradein the Draconian Earth Elementalist began the quest
                  | for the Orb.
     0 | D:1      | Reached XP level 1. HP: 14/14 MP: 3/3
   169 | D:1      | Reached XP level 2. HP: 20/20 MP: 3/5
   528 | D:1      | Reached XP level 3. HP: 26/26 MP: 4/7
   836 | D:1      | Found a faded altar of an unknown god.
   943 | D:1      | Learned a level 3 spell: Stone Arrow
  1059 | D:2      | Noticed an ogre
  1069 | D:2      | Killed an ogre
  1070 | D:2      | Reached skill level 1 in Conjurations
  1070 | D:2      | Reached XP level 4. HP: 33/33 MP: 9/9
  1070 | D:2      | Reached XP level 5. HP: 38/38 MP: 10/10
  1588 | D:2      | Found a runed translucent door.
  1589 | D:2      | Noticed Crazy Yiuf
  1690 | D:3      | Found Zoptonatara's Antique Weapon Shoppe.
  2096 | D:4      | Noticed a black bear
  2100 | D:4      | Reached XP level 6. HP: 43/45 MP: 6/12
  2114 | D:4      | Reached skill level 5 in Earth Magic
  2223 | D:4      | Your scales start taking on a pale cyan-grey colour.
  2223 | D:4      | Reached XP level 7. HP: 50/50 MP: 11/13
  2223 | D:4      | Gained mutation: You are immune to the effects of steam.
                  | [Pale Draconian growth]
  2249 | D:4      | Found a sand-covered staircase.
  2266 | Ossuary  | Entered an ossuary
  2455 | Ossuary  | Reached skill level 5 in Spellcasting
  2525 | Ossuary  | Reached skill level 1 in Fighting
  2583 | Ossuary  | Reached XP level 8. HP: 55/59 MP: 8/15
  3747 | D:4      | Found Askiz's Magic Scroll Shoppe.
  3750 | D:4      | Bought a scroll of noise for 10 gold pieces
  3870 | D:4      | Found a radiant altar of Vehumet.
  3947 | D:5      | Entered Level 5 of the Dungeon
  3947 | D:5      | Noticed Ijyb
  3952 | D:5      | Killed Ijyb
  3990 | D:5      | Reached skill level 5 in Conjurations
  4259 | D:5      | Found Gostrosu's Antique Armour Boutique.
  4378 | D:5      | Found a large runed translucent door.
  4485 | D:5      | Learned a level 5 spell: Borgnjor's Vile Clutch
  4712 | D:5      | Found a large runed translucent door.
  4713 | D:5      | Noticed Zeldest's ghost (amateur GnSu)
  4825 | D:6      | Found Hent's Distillery.
  4830 | D:6      | Reached XP level 9. HP: 71/71 MP: 18/18
  5089 | D:6      | Found an ornate altar of the Wu Jian Council.
  5244 | D:4      | Became a worshipper of Vehumet
  5325 | D:5      | Killed Zeldest's ghost
  5442 | D:6      | Found a blossoming altar of Fedhas.
  5896 | D:6      | Identified a scroll of acquirement
  5931 | D:7      | Reached skill level 5 in Fighting
  5983 | D:7      | Found a staircase to the Ecumenical Temple.
  6025 | D:7      | Noticed Menkaure
  6029 | D:7      | Killed Menkaure
  6308 | D:7      | Reached skill level 1 in Necromancy
  6580 | D:8      | Noticed a two-headed ogre
  6595 | D:8      | Killed a two-headed ogre
  6596 | D:8      | Reached skill level 5 in Dodging
  6596 | D:8      | Reached XP level 10. HP: 82/82 MP: 16/20
  6697 | D:8      | Reached * piety under Vehumet
  6697 | D:8      | Offered knowledge of Shock by Vehumet.
  6755 | D:8      | Found a staircase to the Lair.
  6973 | D:8      | Reached ** piety under Vehumet
  6973 | D:8      | Offered knowledge of Freeze by Vehumet.
  7306 | D:8      | Noticed Maurice
  7310 | D:8      | Killed Maurice
  7362 | D:8      | Found a snail-covered altar of Cheibriados.
  7378 | D:8      | Found a white marble altar of Elyvilon.
  7409 | D:8      | Found an opulent altar of Gozag.
  7412 | D:8      | Found a sparkling altar of Nemelex Xobeh.
  7891 | D:9      | Noticed Maggie
  7895 | D:9      | Killed Maggie
  7952 | D:9      | Offered knowledge of Dazzling Flash by Vehumet.
  7953 | D:9      | Reached skill level 1 in Shields
  8115 | D:9      | Found Wumodu's Magic Scroll Boutique.
  8115 | D:9      | Found Anticvu's Armour Boutique.
  8118 | D:9      | Found Ydwiv's Distillery.
  8118 | D:9      | Found Gazuak's Jewellery Boutique.
  8132 | D:9      | Bought a scroll of identify for 22 gold pieces
  8132 | D:9      | Bought a scroll of teleportation for 33 gold pieces
  8132 | D:9      | Bought a scroll of identify for 22 gold pieces
  8204 | D:9      | Noticed a two-headed ogre
  8212 | D:9      | Killed a two-headed ogre
  8629 | D:10     | Entered Level 10 of the Dungeon
  8701 | D:10     | Noticed a two-headed ogre
  8711 | D:10     | Reached XP level 11. HP: 91/91 MP: 20/22
  8721 | D:10     | Killed a two-headed ogre
  8828 | D:10     | You fall into a shaft and drop 3 floors!
  8922 | D:13     | Noticed a centaur warrior
  8930 | D:13     | Killed a centaur warrior
  9028 | D:13     | Noticed a tengu warrior
  9030 | D:13     | Noticed a tengu warrior
  9068 | D:13     | Killed a tengu warrior
  9068 | D:13     | Reached *** piety under Vehumet
  9344 | D:13     | Noticed a boulder beetle
  9512 | D:11     | Found Penemos's Weapon Emporium.
  9600 | D:11     | Found a staircase to the Orcish Mines.
  9841 | D:11     | Offered knowledge of Sticky Flame by Vehumet.
  9879 | D:11     | Noticed a two-headed ogre
  9896 | D:11     | Killed a two-headed ogre
 10500 | Lair:1   | Entered Level 1 of the Lair of Beasts
 10502 | Lair:1   | Acquired the ring of Vodka {rF+ Stlth+}
 10674 | Lair:1   | Reached skill level 5 in Necromancy
 11641 | Lair:2   | Reached XP level 12. HP: 99/101 MP: 8/24
 12192 | Lair:2   | Noticed a death yak
 12193 | Lair:2   | Noticed a death yak
 12193 | Lair:2   | Noticed a death yak
 12211 | Lair:2   | Killed a death yak
 12217 | Lair:1   | Killed a death yak
 12300 | Lair:2   | Noticed a death yak
 12300 | Lair:2   | Noticed a death yak
 12310 | Lair:1   | Killed a death yak
 12315 | Lair:1   | Killed a death yak
 12907 | Lair:3   | Found a dark tunnel.
 12915 | Volcano  | Entered a volcano
 12949 | Volcano  | Noticed an ogre mage
 12952 | Volcano  | Found a burning altar of Makhleb.
 12957 | Volcano  | Killed an ogre mage
 12969 | Volcano  | Noticed a two-headed ogre
 12972 | Volcano  | Killed a two-headed ogre
 13067 | Volcano  | Noticed a two-headed ogre
 13068 | Volcano  | Noticed a two-headed ogre
 13074 | Volcano  | Noticed a red draconian
 13082 | Volcano  | Killed a two-headed ogre
 13083 | Volcano  | Reached skill level 5 in Shields
 13085 | Volcano  | Killed a two-headed ogre
 13137 | Volcano  | Killed a red draconian
 13138 | Volcano  | Reached skill level 10 in Earth Magic
 13344 | Volcano  | Noticed a two-headed ogre
 13344 | Volcano  | Noticed a two-headed ogre
 13352 | Volcano  | Noticed a two-headed ogre
 13361 | Volcano  | Killed a two-headed ogre
 13366 | Volcano  | Killed a two-headed ogre
 13490 | Volcano  | Killed a two-headed ogre
 13664 | Lair:3   | Reached **** piety under Vehumet
 13859 | Lair:3   | Offered knowledge of Iskenderun's Battlesphere by Vehumet.
 13866 | Lair:3   | Learned a level 5 spell: Iskenderun's Battlesphere
 13964 | Lair:3   | Found a hole to the Spider Nest.
 14184 | Lair:3   | Noticed Nergalle
 14194 | Lair:3   | Killed Nergalle
 14195 | Lair:3   | Reached XP level 13. HP: 61/107 MP: 3/26
 14963 | Lair:3   | Found a staircase to the Shoals.
 15823 | Lair:4   | Reached skill level 10 in Conjurations
 15927 | Lair:4   | Found a viscous altar of Jiyva.
 15927 | Lair:4   | Found a staircase to the Slime Pits.
 16368 | Lair:4   | Found a viscous altar of Jiyva.
 16371 | Lair:4   | Found a staircase to the Slime Pits.
 16830 | Lair:5   | Entered Level 5 of the Lair of Beasts
 16835 | Lair:5   | Reached skill level 10 in Fighting
 17113 | Lair:5   | Reached ***** piety under Vehumet
 17113 | Lair:5   | Offered knowledge of Yara's Violent Unravelling by Vehumet.
 17436 | Lair:5   | Identified the +0 ring mail "Vontotye" {rN+}
 17446 | Lair:5   | Reached skill level 10 in Spellcasting
 17446 | Lair:5   | Reached XP level 14. HP: 122/122 MP: 20/28
 19431 | D:2      | Killed Crazy Yiuf
 19651 | Orc:1    | Entered Level 1 of the Orcish Mines
 19910 | Orc:1    | Reached skill level 1 in Evocations
 20524 | Orc:1    | Found Goggez's Weapon Shop.
 20540 | Orc:1    | Offered knowledge of Airstrike by Vehumet.
 20548 | Orc:1    | Learned a level 6 spell: Eringya's Noxious Bog
 20606 | Orc:2    | Entered Level 2 of the Orcish Mines
 20606 | Orc:2    | Noticed an orc warlord
 20944 | Orc:2    | Found Yrghas's Antique Weapon Boutique.
 21074 | Orc:2    | Killed an orc warlord
 21255 | Orc:2    | Found a staircase to the Elven Halls.
 21399 | Orc:2    | Reached skill level 1 in Poison Magic
 21757 | Orc:2    | Found Ruaxuyss's Jewellery Shop.
 21762 | Orc:2    | Found Fodaxt's Armour Shoppe.
 21768 | Orc:2    | Bought a +1 buckler of reflection for 216 gold pieces
 21827 | Orc:2    | Found Idiprud's General Store.
 21829 | Orc:2    | Found Imneis's Assorted Antiques.
 22194 | D:13     | Found a gate to the Vaults.
 22194 | D:13     | Noticed an ironbound preserver
 22207 | D:13     | Killed an ironbound preserver
 22214 | D:13     | Reached XP level 15. HP: 60/130 MP: 7/29
 22520 | D:13     | Offered knowledge of Fireball by Vehumet.
 22527 | D:13     | Learned a level 5 spell: Fireball
 22606 | D:13     | Found a portal to a secret trove of treasure.
 23111 | D:14     | Found a gate leading to a gauntlet.
 23118 | Gauntlet | Entered a Gauntlet
 23118 | Gauntlet | Found a transporter.
 23157 | Gauntlet | Found the ring of the Hare {EV+8}
 23159 | Gauntlet | Found a transporter.
 23169 | Gauntlet | Found a transporter.
 23174 | Gauntlet | Found a transporter.
 23194 | Gauntlet | Found a transporter.
 23208 | Gauntlet | Found a transporter.
 23220 | Gauntlet | Found a transporter.
 23232 | Gauntlet | Found a transporter.
 23244 | Gauntlet | Found a transporter.
 23256 | Gauntlet | Found a transporter.
 23273 | Gauntlet | Found a transporter.
 23291 | Gauntlet | Found a transporter.
 23293 | Gauntlet | Found a transporter.
 23318 | Gauntlet | Found a transporter.
 23320 | Gauntlet | Found a transporter.
 23340 | Gauntlet | Found a transporter.
 23418 | Gauntlet | Found a transporter.
 23462 | Gauntlet | Found a transporter.
 23679 | Gauntlet | Identified the ring "Yschaishro" {rF+ MP+9 Dex+5}
 23789 | Gauntlet | Identified the amulet "Ofekk" {Spirit Harm Rampage MP-9
                  | Str-2}
 23877 | Gauntlet | Got the Omnibus of the Summer and Moulding
 24243 | D:14     | Noticed Agnes
 24253 | D:14     | Killed Agnes
 24450 | D:15     | Entered Level 15 of the Dungeon
 24492 | D:15     | Found a frozen archway.
 24530 | IceCv    | Entered an ice cave
 24733 | IceCv    | Identified the +10 flail "Ziempyeg" {venom, Str+7}
 25158 | IceCv    | Reached skill level 10 in Dodging
 25675 | IceCv    | Reached ****** piety under Vehumet
 25685 | IceCv    | Offered knowledge of Iron Shot by Vehumet.
 25707 | IceCv    | Learned a level 6 spell: Iron Shot
 25949 | IceCv    | Identified the +0 helmet of the Eternal Fruit {Will+}
 25952 | IceCv    | Identified the ring of Nytuserep {rF+ rCorr Str+5}
 26161 | D:15     | Found a staircase to the Depths.
 26262 | D:15     | Reached skill level 5 in Evocations
 26350 | D:15     | Identified the +10 shortbow of Conservatism {vorpal, rF+
                  | Will+ Dex-3 Stlth+}
 26611 | D:15     | Reached XP level 16. HP: 139/139 MP: 22/31
 26897 | Spider:1 | Entered Level 1 of the Spider Nest
 28312 | D:9      | Bought a ring of flight for 210 gold pieces
 28423 | Shoals:1 | Entered Level 1 of the Shoals
 28490 | Shoals:1 | Noticed a kraken
 28501 | Shoals:1 | Killed a kraken
 28571 | Shoals:1 | Reached skill level 5 in Transmutations
 28572 | Shoals:1 | Reached skill level 10 in Necromancy
 28577 | Shoals:1 | HP: 3/139 [poisoned by a sea snake]
 28577 | Shoals:1 | Demolished by a snapping turtle

Illustrated notes

Levels and vault maps discovered:
D:1:      eino_arrival_druids_welcome, layout_rooms,
          shapermc_ecumenical_altar_acropolis
D:2:      layout_rooms, uniq_crazy_yiuf_cottage
D:3:      mumra_celtic_spiral_tile, layout_loops_cross, serial_shops, shop
D:4:      layout_loops_ring, mainiacjoe_overflow_surrounded_room, serial_shops,
          kennysheep_mini, nicolae_ossuary_entry_monument,
          chequers_serial_rivers_micro_e
D:5:      layout_basic, serial_shops, shop, ebering_ghost_disaster_area,
          uniq_ijyb
D:6:      layout_loops_ring, kennysheep_mini_moat, mainiacjoe_overflow_alcove_1,
          serial_shops, shop
D:7:      layout_rooms, minmay_temple_entry_junction, uniq_menkaure
D:8:      layout_gridville, grunt_temple_overflow_cloverleaf, dpeg_oklobed_lair,
          special_room [special_room_orc], kennysheep_generic_room_11,
          uniq_maurice
D:9:      layout_roguey, minivault_27, minmay_shop_grid_forest, uniq_maggie
D:10:     layout_cave_pods, mainiacjoe_overflow_paths, uniq_erolcha
D:11:     layout_loops_ring, erik_orc_3, serial_shops, nicolae_shop_crystal
D:12:     layout_gridville
D:13:     layout_stronghold, skrybe_vaults_entry_preservation, enter_trove_3,
          chequers_serial_rivers_micro_b
D:14:     layout_rooms, serial_park_fountain, gauntlet_entry_generic,
          minmay_hedge_maze, uniq_agnes
D:15:     gammafunk_depths_entry_grave, layout_cave_pools,
          portal_ice_cave_entry_ice_simulacra, amcnicky_mini_corridor_feature
Lair:1:   layout_cave_pods, st_stairs_8
Lair:2:   layout_long_grid
Lair:3:   layout_regular_city, elwin_shoals_entry_rocks,
          nicolae_spider_entry_tight_spaces, enter_volcano_2,
          nicolae_lair_lil_pond, chequers_serial_rivers_micro_d,
          infiniplex_staircase_pool_2, uniq_nergalle
Lair:4:   layout_hall_layers, dpeg_slime_entry_enclosed
Lair:5:   hangedman_lair_in_review, layout_concentric_octagons,
          nicolae_lair_grove_arrangements, lemuel_fruit_fields
Shoals:1: layout_shoals, serial_shops, shop
Spider:1: layout_chambers, hive_lemuel
Orc:1:    layout_caves, serial_shops, nicolae_lakefront_shop
Orc:2:    st_orc_elflike, layout_caves, serial_shops, shop

Skill      XL: |  1  2  3  4  5  6  7  8  9 10 11 12 13 14 15 16 |
---------------+-------------------------------------------------+-----
Spellcasting   | 3 4 5 6 7 8 9 10 11 | 11.2
Earth Magic    | 4 5 6 7 8 9 10 11 12 | 12.4
Conjurations   | 1 2 3 4 5 6 7 8 9 10 11 | 11.8
Dodging        | 2 3 5 6 7 8 9 10 | 10.3
Fighting       | 1 3 5 6 8 9 10 11 12 | 12.0
Necromancy     | 1 3 5 6 8 9 10 | 10.0
Shields        | 1 4 5 7 8 9 |  9.0
Evocations     | 3 5 |  5.6
Poison Magic   | 2 4 |  4.8
Transmutations | 2 4 5 |  5.0
Stealth        | |  1.7

Action                   |  1- 3 |  4- 6 |  7- 9 | 10-12 | 13-15 | 16-18 || total
-------------------------+-------+-------+-------+-------+-------+-------++-------
Melee: Unarmed           |    10 |       |       |       |       |       ||    10
       Tailslap          |     1 |       |     1 |       |       |       ||     2
       Punch             |     1 |       |       |       |       |       ||     1
       Short sword       |       |       |     4 |       |       |       ||     4
       Halberd           |       |       |     1 |       |       |       ||     1
       Eveningstar       |       |       |       |     8 |     3 |     1 ||    12
 Cast: Sandblast         |    45 |    34 |       |       |       |       ||    79
       Stone Arrow       |       |    28 |   179 |   307 |   504 |       ||  1018
       Iskenderun's Batt |       |       |       |     5 |    87 |     8 ||   100
       Borgnjor's Vile C |       |       |       |       |   105 |    15 ||   120
       Iron Shot         |       |       |       |       |    29 |    36 ||    65
       Fireball          |       |       |       |       |    27 |     5 ||    32
 Abil: Breathe Steam     |       |       |    13 |    32 |    66 |    10 ||   121
  Use: Scroll            |       |       |    14 |     5 |     7 |     3 ||    29
       Potion            |       |       |       |     1 |       |       ||     1
Armor: Skin              |     3 |     3 |    38 |    32 |    54 |     7 ||   137
Dodge: Dodged            |    12 |    11 |    25 |    75 |   100 |    42 ||   265
       Repelled          |       |       |     1 |     2 |     1 |       ||     4
Block: Kite shield       |       |       |       |    45 |    42 |       ||    87
       Buckler           |       |       |       |       |    30 |    10 ||    40
       Reflection        |       |       |       |       |     5 |       ||     5

Table legend: (Time is in decaauts)
 A = Elapsed time spent in this place.
 B = Non-inter-level travel time spent in this place.
 C = Inter-level travel time spent in this place.
 D = Time resting spent in this place.
 E = Time spent auto-exploring this place.
 F = Levels seen in this place.
 G = Mean time per level.
                   A        B        C        D        E       F      G
               +--------+--------+--------+--------+--------+-----+--------+
         Total |  28687 |  25995 |   2692 |      4 |  21138 |  28 | 1024.5 |
       Dungeon |  14510 |  12441 |   2069 |      0 |  10058 |  15 |  967.3 |
          Lair |   7109 |   6601 |    508 |      0 |   5677 |   5 | 1421.8 |
        Shoals |    162 |    150 |     12 |      0 |    101 |   1 |  162.0 |
   Spider Nest |   1307 |   1256 |     51 |      0 |   1125 |   1 | 1307.0 |
  Orcish Mines |   1992 |   1942 |     50 |      4 |   1556 |   2 |  996.0 |
       Ossuary |    633 |    633 |      0 |      0 |    389 |   1 |  633.0 |
      Ice Cave |   1499 |   1499 |      0 |      0 |   1233 |   1 | 1499.0 |
       Volcano |    711 |    711 |      0 |      0 |    538 |   1 |  711.0 |
      Gauntlet |    760 |    760 |      0 |      0 |    459 |   1 |  760.0 |
               +--------+--------+--------+--------+--------+-----+--------+

Top non-repeatable levels by time:
  Lair:3: 1846 daAuts
    D:13: 1568 daAuts
   IceCv: 1499 daAuts
  Lair:4: 1494 daAuts
  Lair:5: 1490 daAuts
    D:11: 1418 daAuts
  Lair:1: 1407 daAuts
     D:8: 1360 daAuts
Spider:1: 1307 daAuts
   Orc:2: 1253 daAuts
     D:5: 1135 daAuts
     D:1: 1076 daAuts
     D:6: 986 daAuts
     D:3: 957 daAuts
     D:9: 940 daAuts
